 Dungeon Crawl Stone Soup version 0.30-a0-439-g9e77e4d916 (webtiles) character file.

Game seed: 6003459709531419597

408 Lobo000 the Trooper (level 6, -2/56 HPs)
             Began as a Minotaur Berserker on Dec 10, 2022.
             Was an Initiate of Yredelemnul.
             Slain by a polar bear (15 damage)
             ... created by the rage of Trog
             ... on level 7 of the Dungeon.
             The game lasted 00:12:32 (4315 turns).

Lobo000 the Trooper (Minotaur Berserker)            Turns: 4315, Time: 00:12:33

Health: -2/56      AC: 14    Str: 30    XL:     6   Next: 57%
Magic:  5/5        EV:  8    Int:  4    God:    Yredelemnul [......]
Gold:   159        SH:  0    Dex:  9    Spells: 5/5 levels left

rFire   + . .      SeeInvis .    a - +0 hand axe
rCold   + + .      Faith    .    (no shield)
rNeg    . . .      Spirit   .    n - +0 plate armour
rPois   .          Reflect  .    (helmet restricted)
rElec   .          Harm     .    s - scarf {rC+ rF+}
rCorr   .          Rampage  .    q - +0 pair of gloves
Will    .....      Rage     3%   (no boots)
Stlth   ..........               (no amulet)
HPRegen 0.29/turn                m - +6 ring of strength
MPRegen 0.09/turn                (no ring)

@: no status effects
A: horns 2, retaliatory headbutt, berserk 1, cold resistance 1, shaggy fur 1
a: Renounce Religion, Recall Undead Harvest


You were on level 7 of the Dungeon.
You worshipped Yredelemnul.
Yredelemnul was noncommittal.
You visited 2 branches of the dungeon, and saw 7 of its levels.

You collected 159 gold pieces.

Inventory:

Hand Weapons
 a - a +0 hand axe (weapon)
Missiles
 f - 46 stones (quivered)
 g - 5 boomerangs
Armour
 b - a +0 animal skin
 e - a +0 robe
 h - a +0 ring mail
 l - a +0 chain mail
 n - a +0 plate armour (worn)
 o - a +0 scale mail
 q - a +0 pair of gloves (worn)
 s - a scarf of resistance (worn)
Jewellery
 m - a +6 ring of strength (left hand)
Wands
 k - a wand of polymorph (7)
Scrolls
 j - a scroll of identify
Potions
 c - 3 potions of curing
 d - 2 potions of mutation
 i - a potion of attraction


   Skills:
 + Level 5.5 Fighting
 + Level 5.4 Axes
 + Level 4.7 Armour
 + Level 4.2 Dodging


You had 5 spell levels left.
You didn't know any spells.
Your spell library was empty.

Dungeon Overview and Level Annotations

Branches:
Dungeon (5/15)             Temple (1/1) D:4

Altars:
Ashenzari
Cheibriados
Dithmenos
Elyvilon
Fedhas
Gozag
Hepliaklqana
Kikubaaqudgha
Makhleb
Okawaru
Qazlal
Ru
Sif Muna
Trog
Uskayaw
Vehumet
Wu Jian
Xom
Yredelemnul
Zin
The Shining One

Shops:
D:2 :


Innate Abilities, Weirdness & Mutations

You have a pair of horns on your head.
You reflexively headbutt those who attack you in melee.
You sometimes lose your temper in combat.
Your flesh is cold resistant. (rC+)
You are covered in fur. (AC +1)


Message History

No target in view!
No target in view!
No target in view!
No target in view!
No target in view!
No target in view!
You swap places.
A sourceless malevolence fills the Dungeon...
You fall into a shaft and drop 2 floors!
The shaft crumbles and collapses.
You hear the hiss of flowing sand.
There is an entrance to an ossuary on this level.
Hurry and find it before the portal is buried!
Trog sends monsters to punish you. 2 black bears and 3 polar bears come into view.
Aiming: Polymorph
Press: ? - help, Shift-Dir - straight line, f - black bear
Aim: a black bear (durably summoned, berserk, will become a black mamba, a scorpion, or a bullfrog, chance to affect: 49%)
Okay, then.
The polar bear moves out of view.
The black bear attacks as you move away!
The black bear bites you but does no damage.
The black bear claws you.
The black bear claws you but does no damage.
The polar bear barely misses you. The polar bear claws you. x2
You hear a shout!
The black bear attacks as you move away!
The black bear bites you but does no damage.
The black bear claws you but does no damage.
The black bear claws you.
The polar bear bites you but does no damage.
The polar bear claws you. The polar bear barely misses you.
The polar bear rages.
The polar bear bites you!!
The polar bear claws you but does no damage.
The polar bear claws you.
* * * LOW HITPOINT WARNING * * *
The polar bear attacks as you move away!
The polar bear bites you!
You die...
Your body rises from the dead as a mindless zombie.

### ..# ##.#
...
####.######
.........#
########hh.##
#......@hhh.#
#.########..#
#.......#.#
#.#####.#.#
#.# #.#.. #.#
#.#.#. #.#
#.#.#.# #.#
#.#.# # #.#
#.#.#


You could see 3 polar bears and 2 black bears.

Vanquished Creatures
  A necrophage (D:4)
  A hound (D:3)
  A jelly (D:4)
  2 iguanas
  3 orc wizards (D:4)
  3 gnolls (D:2)
  6 adders
  3 worms
  A dart slug (D:3)
  3 orcs
  9 ball pythons
  5 bats
  6 endoplasms
  A giant cockroach (D:3)
  8 goblins
  7 hobgoblins
  4 jackals (D:4)
  3 quokkas
  A frilled lizard (D:3)
  4 kobolds
  6 rats
78 creatures vanquished.

Notes
Turn   | Place    | Note
-------+----------+-------------------------------------------
     0 | D:1      | Lobo000 the Minotaur Berserker began the quest for the Orb.
     0 | D:1      | Reached XP level 1. HP: 19/19 MP: 0/0
   258 | D:1      | Reached XP level 2. HP: 18/27 MP: 1/1
   994 | D:2      | Reached XP level 3. HP: 33/33 MP: 2/2
  1359 | D:2      | Found Wuuc Goushot's Book Boutique.
  1363 | D:2      | Reached ** piety under Trog
  1484 | D:2      | Reached XP level 4. HP: 36/40 MP: 3/3
  2032 | D:2      | Gained mutation: Your flesh is cold resistant. (rC+)
                  | [potion of mutation]
  2032 | D:2      | Gained mutation: You sometimes lose your temper in combat.
                  | [potion of mutation]
  2032 | D:2      | Gained mutation: You are covered in fur. (AC +1) [potion of
                  | mutation]
  2293 | D:3      | Found a glowing drain.
  2780 | D:3      | Reached XP level 5. HP: 47/47 MP: 4/4
  3050 | D:3      | Reached skill level 5 in Fighting
  3050 | D:3      | Reached skill level 5 in Axes
  3480 | D:4      | Reached XP level 6. HP: 55/56 MP: 5/5
  3674 | D:4      | Found a staircase to the Ecumenical Temple.
  3877 | Temple   | Entered the Ecumenical Temple
  4097 | Temple   | Fell from the grace of Trog
  4097 | Temple   | Became a worshipper of Yredelemnul the Dark
  4274 | D:5      | Entered Level 5 of the Dungeon
  4283 | D:5      | You fall into a shaft and drop 2 floors!
  4312 | D:7      | Noticed a polar bear
  4312 | D:7      | Noticed a polar bear
  4312 | D:7      | Noticed a polar bear
  4315 | D:7      | Slain by a polar bear

Illustrated notes

Levels and vault maps discovered:
D:1:      tarquinn_simple_flora_water_f, layout_loops_ring
D:2:      layout_basic, serial_shops, shop
D:3:      layout_basic, cheibrodos_sewer_entry_bend, kennysheep_generic_room_15
D:4:      nicolae_BIG_FREAKIN_CUBE, layout_rooms
D:5:      layout_loops_cross, serial_shops, shop,
          hangedman_decor_clover_reticule, minmay_misc_feat_square
D:7:      layout_basic, enter_ossuary_4
Temple:   nicolae_temple_bog_church

Skill      XL: |  1  2  3  4  5  6 |
---------------+-------------------+-----
Fighting       | 4 5 |  5.5
Axes           | 4 5 |  5.4
Armour         | 3 4 |  4.7
Dodging        | 3 4 |  4.2

Action                   |  1- 3 |  4- 6 || total
-------------------------+-------+-------++-------
Melee: Hand axe          |    69 |   118 ||   187
       Headbutt          |     7 |    22 ||    29
       Punch             |       |     1 ||     1
  Use: Potion            |     1 |     2 ||     3
       Scroll            |       |     5 ||     5
Armor: Robe              |     5 |       ||     5
       Ring mail         |    12 |     9 ||    21
       Chain mail        |       |    27 ||    27
       Plate armour      |       |    40 ||    40
Dodge: Dodged            |    48 |    53 ||   101

Table legend: (Time is in decaauts)
 A = Elapsed time spent in this place.
 B = Non-inter-level travel time spent in this place.
 C = Inter-level travel time spent in this place.
 D = Time resting spent in this place.
 E = Time spent auto-exploring this place.
 F = Levels seen in this place.
 G = Mean time per level.
                   A        B        C        D        E       F      G
               +--------+--------+--------+--------+--------+-----+--------+
         Total |   4389 |   4108 |    281 |    250 |   2990 |   7 |  627.0 |
       Dungeon |   4024 |   3790 |    234 |    150 |   2831 |   6 |  670.7 |
        Temple |    365 |    318 |     47 |    100 |    159 |   1 |  365.0 |
               +--------+--------+--------+--------+--------+-----+--------+

Top non-repeatable levels by time:
     D:2: 1110 daAuts
     D:3: 1079 daAuts
     D:1: 995 daAuts
     D:4: 798 daAuts
  Temple: 365 daAuts
     D:7: 31 daAuts
     D:5: 9 daAuts
